 Dungeon Crawl Stone Soup version 0.26-a0-852-g6321bf7485 (webtiles) character file.

Game seed: 2791491391059920263

2267 stormannnn the Covert (level 9, -10/45 HPs)
             Began as a Kobold Conjurer on Nov 21, 2020.
             Was a Believer of Vehumet.
             Hit by a boomerang thrown by an orc warrior (18 damage)
             ... on level 8 of the Dungeon.
             The game lasted 00:32:40 (10383 turns).

stormannnn the Covert (Kobold Conjurer)            Turns: 10383, Time: 00:32:41

Health: -10/45     AC:  7    Str:  5    XL:     9   Next: 65%
Magic:  11/17      EV: 17    Int: 22    God:    Vehumet [**....]
Gold:   494        SH:  4    Dex: 13    Spells: 10/19 levels left

rFire    . . .     SeeInvis .   y - +7 long sword
rCold    . . .     Faith    .   t - +0 buckler
rNeg     . . .     Spirit   .   C - +0 robe of Upa Nokhlu {MR+ rCorr Stlth-}
rPois    .         Reflect  .   o - +2 helmet
rElec    .         Harm     .   (no cloak)
rCorr    +         Rampage  .   (no gloves)
MR       +....                  j - +1 pair of boots
Stlth    +++.......             s - amulet of regeneration
HPRegen  0.55/turn              (no ring)
MPRegen  0.15/turn              (no ring)

@: about to teleport, drained
A: small, nightstalker 3
a: Renounce Religion


You were on level 8 of the Dungeon.
You worshipped Vehumet.
Vehumet was pleased with you.
You visited 2 branches of the dungeon, and saw 9 of its levels.

You collected 494 gold pieces.

Inventory:

Hand Weapons
 w - a +0 dagger of venom
 y - a +7 long sword (weapon)
 E - a cursed +3 dagger of freezing
Armour
 j - a +1 pair of boots (worn)
 o - a +2 helmet (worn)
 t - a +0 buckler (worn)
 C - the +0 robe of Upa Nokhlu (worn) {MR+ rCorr Stlth-}
   (You found it on level 6 of the Dungeon)

   It affects your resistance to hostile enchantments.
   It provides partial protection from all sources of acid and corrosion.
   It makes you less stealthy.
Jewellery
 p - an uncursed ring of poison resistance {unknown}
 s - an amulet of regeneration (around neck)
Wands
 z - a wand of digging (4)
Scrolls
 c - 5 scrolls of teleportation
 e - 2 scrolls of magic mapping
 f - 6 scrolls of identify
 h - a scroll of summoning
 n - 2 scrolls of amnesia
 q - a scroll of enchant armour
 x - 2 scrolls of remove curse
 B - 2 scrolls of immolation
Potions
 a - a potion of haste
 b - 3 potions of mutation {unknown}
 d - 3 potions of heal wounds {unknown}
 g - a potion of cancellation {unknown}
 i - 5 potions of curing
 k - 2 potions of attraction {unknown}
 l - 4 potions of lignification {unknown}
 m - a potion of brilliance {unknown}
 r - a potion of magic {unknown}
 u - a potion of invisibility {unknown}
 v - a potion of resistance {unknown}
 A - a potion of degeneration {unknown}
 D - 2 potions of berserk rage {unknown}


   Skills:
 + Level 7.0(5.9) Dodging
 + Level 8.4(7.2) Stealth
 + Level 5.9(4.8) Spellcasting
 + Level 6.8(5.6) Conjurations
 + Level 4.0(3.0) Hexes
 + Level 1.4(0.4) Summonings
 + Level 1.6(0.6) Fire Magic


You had 10 spell levels left.
You knew the following spells:

 Your Spells              Type           Power        Failure   Level
a - Magic Dart            Conj           ####         1%          1
b - Searing Ray           Conj           ####..       2%          2
c - Fulminant Prism       Conj/Hex       ###.......   28%         4
d - Summon Small Mammal   Summ           #...         14%         1
e - Foxfire               Conj/Fire      ###.         4%          1

Your spell library contained the following spells:

 Spells                   Type           Power        Failure   Level
 Shock                    Conj/Air       ###.         5%          1
 Corona                   Hex            ###....      4%          1
 Dazzling Flash           Conj/Hex       ###...       9%          3
 Animate Skeleton         Necr           #.....       17%         1
 Apportation              Tloc           #.....       17%         1
 Iskenderun's Mystic Bla  Conj/Tloc      ###.....     47%         4


Dungeon Overview and Level Annotations

Branches:
Dungeon (8/15)             Temple (1/1) D:5
   Lair: D:8-11

Altars:
Ashenzari
Cheibriados
Dithmenos
Elyvilon
Fedhas
Gozag
Hepliaklqana
Kikubaaqudgha
Makhleb
Okawaru
Qazlal
Ru
Sif Muna
Trog
Uskayaw
Vehumet
Wu Jian
Xom
Yredelemnul
Zin
The Shining One

Shops:
D:7 ?

Annotations:
D:7 1 runed translucent door, strifetoe's ghost, novice GrMo


Innate Abilities, Weirdness & Mutations

You are small and have problems with some larger weapons.
You are completely attuned to the shadows.


Message History

The orc warrior is moderately wounded.
The orc warrior throws a boomerang.
The boomerang hits you!
* * * LOW HITPOINT WARNING * * *
The weapon returns to the orc warrior!
Casting: Foxfire (safe; 4% risk of failure)
Confirm with . or Enter, or press ? or * to list all spells.
You conjure some foxfire!
The orc warrior throws a boomerang.
The boomerang closely misses you.
The weapon returns to the orc warrior!
Your foxfire dissipates!
The foxfire hits the orc warrior but does no damage.
The orc warrior is moderately wounded.
The orc warrior throws a boomerang.
The boomerang misses you.
The weapon returns to the orc warrior!
As you read the scroll of teleportation, it crumbles to dust.
You feel strangely unstable.
The orc warrior throws a boomerang.
The boomerang hits you but does no damage.
The weapon returns to the orc warrior!
The orc warrior throws a boomerang.
The boomerang hits you!!
You die...

##.# #.# #.##
#####..#
##...#..##
#.....†..###
##..........###
#......####...###
###@.## ###...###
##.(## ####..###
# ###.### ###...
## ##..## ##..
.## ##.o## #..
.o## ##..## #..
#..######..## #..
##..##.#..## ##.
#..[...### #.


You could see an orc warrior.

Vanquished Creatures
  An orc warrior (D:6)
  A phantom (D:5)
  3 ogres
  2 centaurs
  6 bullfrogs
  3 scorpions
  2 howler monkeys
  10 wights (D:8)
  A bullfrog zombie (D:4)
  A centaur zombie (D:7)
  2 hounds
  A bullfrog skeleton (D:7)
  2 orc wizards
  2 orc priests
  A jelly (D:5)
  Natasha (D:2)
  A worker ant (D:7)
  4 gnolls (D:7)
  8 adders
  A shadow imp (D:5)
  2 white imps
  3 ufetubi
  An adder zombie (D:7)
  5 leopard geckos
  23 orcs
  7 bats
  10 giant cockroaches
  5 goblins
  12 hobgoblins
  12 jackals
  6 kobolds
  3 quokkas
  2 ball pythons
  4 frilled lizards
  A quokka zombie (D:7)
  9 rats
158 creatures vanquished.

Vanquished Creatures (others)
  70 foxfires
  7 plants (D:3)
77 creatures vanquished.

Grand Total: 235 creatures vanquished

Notes
Turn   | Place    | Note
-------+----------+-------------------------------------------
     0 | D:1      | stormannnn the Kobold Conjurer began the quest for the Orb.
     0 | D:1      | Reached XP level 1. HP: 10/10 MP: 3/3
   158 | D:1      | Reached skill level 3 in Stealth
   158 | D:1      | Reached XP level 2. HP: 15/15 MP: 3/5
  1462 | D:2      | Reached XP level 3. HP: 18/19 MP: 1/6
  2087 | D:2      | Reached XP level 4. HP: 24/24 MP: 6/8
  2172 | D:2      | Noticed Natasha
  2186 | D:2      | Killed Natasha
  2187 | D:2      | Reached skill level 4 in Stealth
  3000 | D:3      | Reached XP level 5. HP: 28/28 MP: 3/9
  3125 | D:3      | Found a white marble altar of Elyvilon.
  3125 | D:3      | Found a sacrificial altar of Ru.
  3317 | D:3      | Found a broken altar of Ashenzari.
  4448 | D:4      | Learned a level 2 spell: Searing Ray
  4558 | D:4      | Reached XP level 6. HP: 32/32 MP: 6/11
  4711 | D:4      | Reached skill level 5 in Stealth
  4732 | D:3      | Reached skill level 5 in Conjurations
  5135 | D:4      | Noticed an ogre
  5139 | D:4      | Killed an ogre
  5140 | D:4      | Reached XP level 7. HP: 36/36 MP: 6/13
  5730 | D:5      | Entered Level 5 of the Dungeon
  5810 | D:5      | Learned a level 4 spell: Fulminant Prism
  5919 | D:5      | Reached skill level 5 in Dodging
  6097 | D:5      | Reached skill level 6 in Stealth
  6314 | D:5      | Found a staircase to the Ecumenical Temple.
  6319 | Temple   | Entered the Ecumenical Temple
  6524 | Temple   | Became a worshipper of Vehumet
  6589 | D:5      | Reached skill level 1 in Hexes
  7252 | D:6      | Reached XP level 8. HP: 41/41 MP: 8/14
  7613 | D:6      | Found a burning altar of Makhleb.
  7618 | D:6      | Got a brightly glowing robe
  7639 | D:6      | Identified the +0 robe of Upa Nokhlu {MR+ rCorr Stlth-}
                  | (You found it on level 6 of the Dungeon)
  8263 | D:7      | Reached skill level 5 in Spellcasting
  8348 | D:7      | Reached skill level 7 in Stealth
  8617 | D:7      | Reached * piety under Vehumet
  8617 | D:7      | Offered knowledge of Foxfire by Vehumet.
  8620 | D:7      | Learned a level 1 spell: Summon Small Mammal
  8622 | D:7      | Learned a level 1 spell: Foxfire
  8805 | D:7      | Found Suthrunel's Magic Scroll Shop.
  8840 | D:7      | Reached XP level 9. HP: 45/45 MP: 11/16
  8965 | D:7      | Found an iron altar of Okawaru.
  9101 | D:7      | Found a glowing silver altar of Zin.
  9358 | D:7      | Found a runed translucent door.
  9359 | D:7      | Noticed a deep elf mage
  9359 | D:7      | Noticed strifetoe's ghost (novice GrMo)
  9902 | D:8      | Reached skill level 8 in Stealth
  9922 | D:8      | Reached skill level 1 in Fire Magic
 10031 | D:8      | Reached skill level 1 in Summonings
 10042 | D:8      | Offered knowledge of Shock by Vehumet.
 10342 | D:8      | Reached ** piety under Vehumet
 10383 | D:8      | Hit by a boomerang thrown by an orc warrior

Illustrated notes

Levels and vault maps discovered:
D:1:      ncdulo_wetmaze, layout_loops_ring, serial_bayou_lagoon_b
D:2:      layout_basic, minmay_fractal_squares_gapless_5, uniq_natasha
D:3:      layout_loops_ring, gammafunk_temple_overflow_elements,
          nicolae_overflow_hidden_temple, serial_forest,
          infiniplex_forest_end_2, infiniplex_forest_clump_diagonal,
          infiniplex_forest_lined_4_way, infiniplex_forest_lined_1,
          infiniplex_forest_straight_2, infiniplex_forest_corner_2,
          infiniplex_forest_end_2, infiniplex_forest_straight_2,
          serial_bayou_ford_a
D:4:      layout_cave_pools
D:5:      layout_loops_ring, minmay_temple_entry_wispy, sigmund_army
D:6:      wander_river, layout_rooms, bloody_makhleb
D:7:      layout_loops_ring, zin_academy, basic_altar,
          ebering_ghost_inner_flame, serial_shops, shop
D:8:      layout_cave_pods, nemelex_xobeh_ov_fountains_minmay
Temple:   kb_temple_of_zot

Skill      XL: |  1  2  3  4  5  6  7  8  9 |
---------------+----------------------------+-----
Stealth        | 3 4 5 6 7 8 |  8.4
Dodging        | 3 4 5 6 7 |  7.0
Spellcasting   | 3 4 5 |  5.9
Conjurations   | 5 6 |  6.8
Hexes          | 1 3 4 |  4.0
Fire Magic     | 1 |  1.6
Summonings     | 1 |  1.4

Action                   |  1- 3 |  4- 6 |  7- 9 || total
-------------------------+-------+-------+-------++-------
Melee: Dagger            |     8 |    33 |     8 ||    49
       Long sword        |       |       |     4 ||     4
 Cast: Magic Dart        |    47 |    90 |   136 ||   273
       Searing Ray       |       |     6 |    26 ||    32
       Foxfire           |       |       |    47 ||    47
  Use: Scroll            |       |     2 |    13 ||    15
 Stab: Sleeping          |     3 |     9 |       ||    12
Armor: Robe              |     2 |    12 |    14 ||    28
Dodge: Dodged            |     8 |    58 |    98 ||   164
Block: Buckler           |       |    16 |    18 ||    34
       Rpst.: Long sword |       |       |     3 ||     3

Table legend: (Time is in decaauts)
 A = Elapsed time spent in this place.
 B = Non-inter-level travel time spent in this place.
 C = Inter-level travel time spent in this place.
 D = Time resting spent in this place.
 E = Time spent auto-exploring this place.
 F = Levels seen in this place.
 G = Mean time per level.
                   A        B        C        D        E       F      G
               +--------+--------+--------+--------+--------+-----+--------+
         Total |  10457 |  10032 |    425 |   3310 |   5460 |   9 | 1161.9 |
       Dungeon |  10247 |   9871 |    376 |   3310 |   5302 |   8 | 1280.9 |
        Temple |    209 |    160 |     49 |      0 |    158 |   1 |  209.0 |
               +--------+--------+--------+--------+--------+-----+--------+

Top non-repeatable levels by time:
     D:3: 1639 daAuts
     D:2: 1515 daAuts
     D:7: 1496 daAuts
     D:1: 1351 daAuts
     D:5: 1335 daAuts
     D:4: 1279 daAuts
     D:6: 908 daAuts
     D:8: 720 daAuts
  Temple: 209 daAuts
